 Dungeon Crawl Stone Soup version 0.14-a0-1811-gdc2d5af (webtiles) character file.

43 Jenx the Ruinous (level 3, 21/21 HPs)
             Began as an Octopode Conjurer on Jan 8, 2014.
             Quit the game on Level 1 of the Dungeon.
             The game lasted 00:02:35 (740 turns).

Jenx the Ruinous (Octopode Conjurer)                 Turns: 740, Time: 00:02:35

HP  21/21        AC  1     Str  7      XL: 3   Next: 10%
MP   5/6         EV 12     Int 18      God:
Gold 16          SH  0     Dex 12      Spells:  2 memorised,  2 levels left

rFire  . . .     SeeInvis .     e - +1,+0 spear
rCold  . . .     Clarity  .     (no shield)
rNeg   . . .     Conserve .     (helmet restricted)
rPois  .         rCorr    .     (no amulet)
rElec  .         rRot     .     (no ring)
SustAb . .       Spirit   .     (no ring)
rMut   .         Warding  .     (no ring)
Saprov . . .     Stasis   .     (no ring)
                                (no ring)
                                (no ring)
                                (no ring)
                                (no ring)

@: not resistant to hostile enchantments, quite stealthy
A: almost no armour, amphibious, 8 rings, constrict 8, camouflage 1, gelatinous
body 1
a: no special abilities


You were on level 1 of the Dungeon.
You were not hungry.

You visited 1 branch of the dungeon, and saw 1 of its levels.

You collected 16 gold pieces.

Inventory:

Hand weapons
 e - a +1,+0 spear (weapon)
Missiles
 m - 4 darts of frost (quivered)
Comestibles
 a - a choko
 b - 3 bread rations
 l - a rotting chunk of giant cockroach flesh
 p - a chunk of giant newt flesh
Scrolls
 d - 2 scrolls of random uselessness {unknown}
 f - a scroll of identify {unknown}
 h - a scroll of magic mapping {unknown}
 k - a scroll of teleportation {unknown}
 o - a scroll of blinking {unknown}
Potions
 n - a potion of brilliance {unknown}
Books
 c - a book of Conjurations

   Spells                             Type                      Level
   *Magic Dart                        Conjuration                  1
   Searing Ray                        Conjuration                  2
   *Dazzling Spray                    Conjuration/Hexes            3
   Iskenderun's Mystic Blast          Conjuration                  4
   Iskenderun's Battlesphere          Conjuration/Charms           4
   Fulminant Prism                    Conjuration/Hexes            5


   Skills:
 - Level 2.0 Dodging
 - Level 2.6 Stealth
 - Level 2.0 Spellcasting
 * Level 4.9 Conjurations


You had 2 spell levels left.
You knew the following spells:

 Your Spells              Type           Power        Failure   Level  Hunger
a - Magic Dart            Conj           ###.         2%          1    #......
b - Dazzling Spray        Conj/Hex       ##......     24%         3    ####...


Dungeon Overview and Level Annotations

Branches:
Dungeon (1/16)

Altars:


Innate Abilities, Weirdness & Mutations

You cannot wear most types of armour.
You are amphibious.
You can wear up to eight rings at the same time.
You can use your tentacles to constrict many enemies at once.
Your skin changes colour to match your surroundings (Stlth).
Your rubbery body absorbs attacks (AC +1).


Message History

You smell something rotten. (slot l) Memorise Dazzling Spray, consuming 3 spell levels and leaving 2?
You start memorising the spell.
You continue memorising.
You continue memorising.
You finish memorising.
You start resting.
Some of the chunks of flesh in your inventory have completely rotted away.
You start resting.
Magic restored.
There are no items here.
Unknown command.
Some of the chunks of flesh in your inventory have completely rotted away.
A goblin is nearby!
Casting: Magic Dart
Confirm with . or Enter, or press ? or * to list all spells.
Aiming: Magic Dart
Press: ? - help, Shift-Dir - straight line, f - goblin
Aim: a goblin, wielding an orcish club (hasn't noticed you)
The magic dart hits the goblin.
You kill the goblin!
Are you sure you want to abandon this character and quit the game? (Confirm with "yes".)

.### #.##..≈≈≈≈§§ ...#######
#.##..≈§≈§≈≈ .#.......#
#.#....≈≈≈≈≈≈≈ .#######.#
#.......≈≈≈≈≈§≈
.#######.########.##.#...≈§≈§§≈≈
..................####.....§§.≈≈#
..####.....#####..# #.........§#
#....).....# #..# #..........#
..####.....# #@.# ##<.........#
.######...######..# #..........#
..............#...# #.##########
...####...###.#..## #.#
.#.###...........# #.#
..........###.#)## #.#
.#.####.#.# #.#.# #)# .#.## #.#.#
#.#.# #.# ....###.#.# #.#.#####.#


There were no monsters in sight!

Vanquished Creatures
  2 giant geckos (D:1)
  A ball python (D:1)
  3 bats (D:1)
  A giant cockroach (D:1)
  A hobgoblin (D:1)
  5 jackals (D:1)
  4 kobolds (D:1)
  A giant newt (D:1)
  2 goblins (D:1)
  3 rats (D:1)
23 creatures vanquished.

Notes
Turn   | Place    | Note
--------------------------------------------------------------
     0 | D:1      | Jenx, the Octopode Conjurer, began the quest for the Orb.
     0 | D:1      | Reached XP level 1. HP: 11/11 MP: 3/3
   216 | D:1      | Reached XP level 2. HP: 15/17 MP: 0/4
   631 | D:1      | Reached XP level 3. HP: 21/21 MP: 4/6
   644 | D:1      | Learned a level 3 spell: Dazzling Spray
   740 | D:1      | Quit the game

Action                   || total
-------------------------++-------
Melee: Unarmed           ||     6
       Spear             ||    14
 Cast: Magic Dart        ||    33
